[ AOE2 MATCH · #506341303 ]
UnrankedRomans vs Gurjaras
Player's team · LOSS
Rival team · WIN
[ REPLAY ANALYSIS · EXTRACTED FROM THE RECORDED GAME ]
Feudal
10:54
Castle
20:49
Imperial
—
| APM avg | 82.9 |
| APM peak | 136 |
| eAPM avg | 22.0 |
| Villagers / military | 53 / 28 |
Focus
⚔️ 37.8% · 🌾 62.2%
Archer ×24 · Militia ×3 · Skirmisher ×1
Feudal
8:29
Castle
21:41
Imperial
—
| APM avg | 51.8 |
| APM peak | 94 |
| eAPM avg | 21.2 |
| Villagers / military | 43 / 24 |
Focus
⚔️ 28.7% · 🌾 71.3%
Archer ×24
Match map
Initial resources + every placement click. Lines = walls · curves = elevation contours. ◆ gold · ⬟ stone · ● berries · ✦ relic · ◌ wall gap
Your base· Open — unwalled flank
OSO_CT's base· ✓ Closed at 21:41 · 70t walls · 1 gate(s)
Smoothed initial terrain · ◌ = detected wall gap · hover for details
Inputs per minute
— Black Lotus - - OSO_CT
Build order — Black Lotus
136 actions detected in the replay
| 0:00 | Create | Villager (Male) |
| 0:00 | Create | Villager (Male) |
| 0:00 | Create | Villager (Male) |
| 0:01 | Create | Villager (Male) |
| 0:01 | Create | Villager (Male) |
| 0:02 | Build | House |
| 0:03 | Build | House |
| 1:30 | Create | Villager (Male) |
| 2:05 | Create | Villager (Male) |
| 2:05 | Create | Villager (Male) |
| 2:06 | Create | Villager (Male) |
| 2:26 | Create | Villager (Male) |
| 2:35 | Build | Barracks |
| 2:49 | Create | Villager (Male) |
| 3:04 | Build | House |
| 3:09 | Create | Villager (Male) |
| 3:35 | Create | Militia |
| 4:01 | Create | Villager (Male) |
| 4:06 | Create | Militia |
| 4:27 | Build | House |
| 4:58 | Create | Villager (Male) |
| 4:59 | Research | Loom |
| 5:25 | Create | Villager (Male) |
| 5:26 | Create | Militia |
| 6:14 | Create | Villager (Male) |
| 6:29 | Create | Villager (Male) |
| 6:44 | Create | Villager (Male) |
| 6:47 | Create | Villager (Male) |
| 7:17 | Create | Villager (Male) |
| 7:28 | Research | Loom |
| 7:29 | Create | Villager (Male) |
| 7:32 | Build | Lumber Camp |
| 7:54 | Build | Mill |
| 8:19 | Research | Feudal Age |
| 9:11 | Create | Villager (Male) |
| 9:19 | Create | Villager (Male) |
| 9:41 | Create | Villager (Male) |
| 9:47 | Create | Villager (Male) |
| 10:02 | Create | Villager (Male) |
| 10:05 | Create | Villager (Male) |
| 10:07 | Build | Mining Camp |
| 10:34 | Create | Villager (Male) |
| 10:39 | Create | Villager (Male) |
| 10:42 | Build | House |
| 10:54 | Age | Feudal Age |
| 10:58 | Create | Villager (Male) |
| 11:01 | Build | Archery Range |
| 11:05 | Build | Farm |
| 11:21 | Build | Farm |
| 11:27 | Create | Villager (Male) |
| 11:36 | Research | Double-Bit Axe |
| 11:42 | Create | Archer |
| 11:46 | Build | Palisade Wall |
| 11:47 | Build | Palisade Wall |
| 11:57 | Build | House |
| 11:58 | Build | Palisade Wall |
| 12:04 | Create | Archer |
| 12:07 | Create | Villager (Male) |
| 12:28 | Create | Villager (Male) |
| 12:42 | Create | Skirmisher |
| 12:53 | Create | Villager (Male) |
| 12:56 | Build | Blacksmith |
| 13:01 | Create | Villager (Male) |
| 13:04 | Build | Farm |
| 13:05 | Create | Villager (Male) |
| 13:09 | Build | Farm |
| 13:09 | Create | Villager (Male) |
| 13:28 | Create | Archer |
| 13:43 | Research | Fletching |
| 13:46 | Create | Villager (Male) |
| 13:52 | Build | Farm |
| 13:53 | Create | Villager (Male) |
| 13:54 | Build | House |
| 13:57 | Build | Farm |
| 14:00 | Build | Farm |
| 14:04 | Build | House |
| 14:09 | Create | Archer |
| 14:31 | Create | Villager (Male) |
| 14:38 | Create | Archer |
| 14:38 | Create | Villager (Male) |
| 14:41 | Build | Farm |
| 14:52 | Create | Archer |
| 14:59 | Create | Villager (Male) |
| 15:02 | Build | Farm |
| 15:31 | Create | Archer |
| 15:31 | Create | Villager (Male) |
| 15:33 | Create | Villager (Male) |
| 15:39 | Build | Market |
| 16:27 | Create | Villager (Male) |
| 16:28 | Build | House |
| 16:29 | Build | Palisade Wall |
| 16:46 | Build | Farm |
| 16:54 | Create | Archer |
| 16:56 | Build | House |
| 17:16 | Create | Villager (Male) |
| 17:27 | Build | Farm |
| 17:37 | Build | Archery Range |
| 18:06 | Build | Farm |
| 18:09 | Research | Castle Age |
| 18:11 | Create | Archer |
| 18:12 | Create | Archer |
| 18:26 | Build | Palisade Wall |
| 18:31 | Build | Mining Camp |
| 18:34 | Create | Archer |
| 18:51 | Create | Archer |
| 18:51 | Create | Archer |
| 19:08 | Create | Villager (Male) |
| 19:17 | Build | Farm |
| 19:19 | Research | Gold Mining |
| 19:40 | Create | Archer |
| 19:40 | Create | Archer |
| 20:00 | Research | Padded Archer Armor |
| 20:19 | Create | Archer |
| 20:20 | Create | Archer |
| 20:49 | Age | Castle Age |
| 20:49 | Research | Bodkin Arrow |
| 20:54 | Research | Crossbowman (upgrade) |
| 20:59 | Build | University |
| 21:07 | Create | Villager (Male) |
| 21:15 | Create | Archer |
| 21:35 | Create | Villager (Male) |
| 21:39 | Create | Villager (Male) |
| 21:41 | Build | Farm |
| 21:45 | Create | Archer |
| 21:46 | Create | Archer |
| 21:49 | Research | Ballistics |
| 22:06 | Create | Archer |
| 22:06 | Create | Archer |
| 22:10 | Create | Villager (Male) |
| 22:18 | Create | Villager (Male) |
| 22:21 | Create | Archer |
| 22:24 | Create | Archer |
| 22:32 | Build | House |
| 22:32 | Build | House |
| 22:37 | Research | Town Watch |
| 22:40 | Create | Villager (Male) |
Build order — OSO_CT
133 actions detected in the replay
| 0:00 | Create | Villager (Male) |
| 0:00 | Create | Villager (Male) |
| 0:01 | Create | Villager (Male) |
| 0:01 | Create | Villager (Male) |
| 0:02 | Build | House |
| 0:04 | Build | House |
| 1:00 | Build | Mill |
| 1:31 | Create | Villager (Male) |
| 2:02 | Create | Villager (Male) |
| 2:29 | Create | Villager (Male) |
| 2:52 | Create | Villager (Male) |
| 3:15 | Create | Villager (Male) |
| 3:43 | Create | Villager (Male) |
| 3:55 | Build | House |
| 4:05 | Create | Villager (Male) |
| 4:05 | Create | Villager (Male) |
| 4:10 | Build | Lumber Camp |
| 5:00 | Create | Villager (Male) |
| 5:00 | Create | Villager (Male) |
| 5:33 | Research | Loom |
| 6:19 | Research | Feudal Age |
| 7:58 | Build | Barracks |
| 8:29 | Age | Feudal Age |
| 8:38 | Create | Villager (Male) |
| 8:50 | Create | Villager (Male) |
| 9:07 | Create | Villager (Male) |
| 9:12 | Build | Mining Camp |
| 9:14 | Build | Archery Range |
| 9:17 | Build | House |
| 9:42 | Create | Villager (Male) |
| 9:51 | Build | Farm |
| 10:07 | Create | Archer |
| 10:31 | Create | Villager (Male) |
| 10:36 | Build | Farm |
| 10:39 | Create | Villager (Male) |
| 10:50 | Create | Villager (Male) |
| 10:55 | Build | Farm |
| 11:01 | Create | Archer |
| 11:18 | Create | Archer |
| 11:27 | Build | House |
| 11:32 | Build | House |
| 11:41 | Create | Villager (Male) |
| 11:44 | Build | House |
| 11:47 | Build | Palisade Wall |
| 11:47 | Build | Palisade Wall |
| 12:00 | Create | Villager (Male) |
| 12:01 | Create | Archer |
| 12:03 | Build | Palisade Wall |
| 12:05 | Build | Palisade Wall |
| 12:06 | Build | Palisade Wall |
| 12:07 | Build | Palisade Wall |
| 12:08 | Build | Palisade Wall |
| 12:09 | Build | Palisade Wall |
| 12:26 | Create | Villager (Male) |
| 12:47 | Create | Archer |
| 13:01 | Create | Archer |
| 13:22 | Create | Villager (Male) |
| 13:37 | Build | Blacksmith |
| 13:43 | Create | Villager (Male) |
| 13:52 | Create | Archer |
| 13:54 | Build | Palisade Wall |
| 14:03 | Create | Archer |
| 14:04 | Create | Villager (Male) |
| 14:06 | Build | Farm |
| 14:28 | Build | House |
| 14:30 | Research | Fletching |
| 14:36 | Create | Villager (Male) |
| 14:43 | Build | House |
| 14:44 | Build | Palisade Wall |
| 14:50 | Build | Palisade Wall |
| 15:36 | Create | Archer |
| 15:36 | Create | Villager (Male) |
| 15:44 | Build | Palisade Gate |
| 15:51 | Create | Archer |
| 15:54 | Build | Palisade Wall |
| 15:57 | Research | Double-Bit Axe |
| 15:59 | Create | Villager (Male) |
| 16:25 | Create | Villager (Male) ×5 |
| 16:26 | Create | Archer |
| 16:37 | Build | Farm |
| 16:38 | Build | Farm |
| 16:40 | Create | Archer |
| 16:54 | Build | Farm |
| 16:56 | Build | Farm |
| 17:14 | Create | Villager (Male) |
| 17:16 | Create | Archer |
| 17:20 | Build | Farm |
| 17:24 | Build | House |
| 17:42 | Build | House |
| 17:45 | Build | Farm |
| 17:48 | Build | Farm |
| 18:04 | Create | Villager (Male) |
| 18:16 | Build | Palisade Wall |
| 18:17 | Build | Palisade Wall |
| 18:17 | Build | Palisade Wall |
| 18:17 | Build | Palisade Wall |
| 18:18 | Build | Palisade Wall |
| 18:18 | Build | Palisade Wall |
| 18:18 | Build | Palisade Wall |
| 18:24 | Build | Palisade Wall |
| 18:41 | Build | Palisade Wall |
| 18:43 | Build | Palisade Wall |
| 19:01 | Research | Castle Age |
| 19:16 | Build | Lumber Camp |
| 19:30 | Create | Archer |
| 19:48 | Build | Farm |
| 19:51 | Build | Archery Range |
| 19:53 | Create | Archer |
| 20:17 | Research | Padded Archer Armor |
| 20:24 | Create | Archer |
| 20:29 | Build | House |
| 20:30 | Build | House |
| 20:40 | Create | Villager (Male) |
| 20:40 | Create | Villager (Male) |
| 20:49 | Build | Palisade Wall |
| 21:00 | Create | Archer |
| 21:31 | Create | Archer |
| 21:41 | Age | Castle Age |
| 21:43 | Research | Crossbowman (upgrade) |
| 21:43 | Research | Bodkin Arrow |
| 21:50 | Build | Town Center |
| 22:05 | Create | Villager (Male) |
| 22:08 | Build | Farm |
| 22:10 | Create | Archer |
| 22:10 | Create | Archer |
| 22:17 | Create | Archer |
| 22:27 | Create | Villager (Male) |
| 22:38 | Create | Archer |
| 22:40 | Build | Farm |
| 23:21 | Create | Villager (Male) |
| 23:21 | Create | Villager (Male) |
| 23:22 | Create | Archer |
| 23:22 | Create | Archer |
Match timeline
| 2:35 | Black Lotus · first_building Barracks |
| 7:58 | OSO_CT · first_building Barracks |
| 8:29 | OSO_CT · age_up feudal |
| 9:14 | OSO_CT · first_building Archery Range |
| 10:54 | Black Lotus · age_up feudal |
| 11:01 | Black Lotus · first_building Archery Range |
| 11:46 | Black Lotus · wall_segment Palisade Wall x1 |
| 11:47 | OSO_CT · wall_segment Palisade Wall x8 |
| 11:47 | Black Lotus · wall_segment Palisade Wall x3 |
| 11:47 | OSO_CT · wall_segment Palisade Wall x1 |
| 11:58 | Black Lotus · wall_segment Palisade Wall x1 |
| 12:03 | OSO_CT · wall_segment Palisade Wall x6 |
| 12:05 | OSO_CT · wall_segment Palisade Wall x4 |
| 12:06 | OSO_CT · wall_segment Palisade Wall x3 |
| 12:07 | OSO_CT · wall_segment Palisade Wall x5 |
| 12:08 | OSO_CT · wall_segment Palisade Wall x4 |
| 12:09 | OSO_CT · wall_segment Palisade Wall x6 |
| 13:54 | OSO_CT · wall_segment Palisade Wall x1 |
| 14:44 | OSO_CT · wall_segment Palisade Wall x2 |
| 14:50 | OSO_CT · wall_segment Palisade Wall x7 |
| 15:54 | OSO_CT · wall_segment Palisade Wall x12 |
| 16:29 | Black Lotus · wall_segment Palisade Wall x11 |
| 16:36 | Black Lotus · first_market_sell 100 stone |
| 16:38 | Black Lotus · first_market_buy 100 food |
| 18:16 | OSO_CT · wall_segment Palisade Wall x2 |
| 18:17 | OSO_CT · wall_segment Palisade Wall x2 |
| 18:17 | OSO_CT · wall_segment Palisade Wall x1 |
| 18:17 | OSO_CT · wall_segment Palisade Wall x2 |
| 18:18 | OSO_CT · wall_segment Palisade Wall x2 |
| 18:18 | OSO_CT · wall_segment Palisade Wall x2 |
| 18:18 | OSO_CT · wall_segment Palisade Wall x1 |
| 18:24 | OSO_CT · wall_segment Palisade Wall x1 |
| 18:26 | Black Lotus · wall_segment Palisade Wall x1 |
| 18:41 | OSO_CT · wall_segment Palisade Wall x1 |
| 18:43 | OSO_CT · wall_segment Palisade Wall x1 |
| 20:49 | Black Lotus · age_up castle |
| 20:49 | OSO_CT · wall_segment Palisade Wall x1 |
| 21:41 | OSO_CT · age_up castle |
| 23:26 | Black Lotus · resign |
[ AI ANALYSIS · 1 CREDIT ]
What really happened in this match?
Wolo.gg analyzes every decision: build order, eco, micro, common mistakes by bracket. Personalized analysis on WhatsApp or Discord in 30 seconds.
Civ guide
Romans
Perfil
Jugador #941790